 Dungeon Crawl Stone Soup version 0.27-a0-58-g0ec5f8ab93 (webtiles) character file.

Game seed: 5015339203903142128

338 Descartes the Sneak (level 6, -4/28 HPs)
             Began as a Felid Monk on Jan 7, 2021.
             Killed by divine providence
             ... invoked by an orc priest
              (10 damage)
             ... on level 4 of the Dungeon on Jan 8, 2021.
             The game lasted 00:11:11 (4424 turns).

Descartes the Sneak (Felid Monk)                    Turns: 4424, Time: 00:11:11

Health: -4/28      AC:  6    Str:  9    XL:     6   Next: 29%
Magic:  7/7        EV: 23    Int: 11    God:
Gold:   174        SH:  0    Dex: 25    Spells: 5/5 levels left
                                        Lives:  0   Deaths: 1

rFire    . . .     SeeInvis +     - Unarmed
rCold    . . .     Faith    .   (shield unavailable)
rNeg     . . .     Spirit   .   (armour unavailable)
rPois    .         Reflect  .   (helmet unavailable)
rElec    .         Harm     .   (cloak unavailable)
rCorr    .         Rampage  .   (gloves unavailable)
Will     .....                  (boots unavailable)
Stlth    ++++......             (no amulet)
HPRegen  0.09/turn              c - +4 ring of protection
MPRegen  0.10/turn              t - +6 ring of dexterity

@: quick
A: very small, no armour, no weapons or thrown items, stealth, claws 1, fangs 3,
see invisible, speed 1, shaggy fur 2, sharp paws
a: no special abilities


You were on level 4 of the Dungeon.
You visited 1 branch of the dungeon, and saw 5 of its levels.

You collected 174 gold pieces.

Inventory:

Missiles
 f - 41 arrows
 j - 106 stones
Jewellery
 c - a +4 ring of protection (left paw)
 g - an uncursed ring of ice
 t - a +6 ring of dexterity (right paw)
 v - an uncursed ring of stealth
Wands
 a - a wand of paralysis (8)
 m - a wand of polymorph (23)
Scrolls
 b - a scroll of enchant weapon {unknown}
 d - 3 scrolls of fear {unknown}
 e - 2 scrolls of blinking {unknown}
 i - a scroll of random uselessness {unknown}
 k - 2 scrolls of enchant armour {unknown}
 o - 3 scrolls of immolation {unknown}
 q - a scroll of remove curse {unknown}
 u - a scroll of fog {unknown}
Potions
 h - a potion of flight
 l - a potion of magic
 n - a potion of berserk rage
 s - a potion of attraction


   Skills:
 - Level 4.0 Fighting
 + Level 5.8 Dodging
 * Level 6.8 Stealth
 + Level 4.2 Unarmed Combat


You had 5 spell levels left.
You didn't know any spells.
Your spell library was empty.

Dungeon Overview and Level Annotations

Branches:
Dungeon (5/15)
 Temple: D:4-7

Altars:
Cheibriados
Dithmenos
Elyvilon
Kikubaaqudgha
Beogh

Annotations:
D:3 1 runed translucent door, Crazy Yiuf
D:4 3 runed translucent doors, DungeonDestroyer's ghost, novice GnFi


Innate Abilities, Weirdness & Mutations

You cannot wear armour.
You are incapable of wielding weapons or throwing items.
Your paws allow you to move quietly. (Stealth)
You have sharp claws.
You have razor-sharp teeth.
You have supernaturally acute eyesight. (SInv)
You cover ground quickly.
You are covered in thick fur. (AC +2)
Your sharp claws are effective at attacking unaware monsters.


Message History

You resist with significant effort. The iguana barely misses you.
You scratch the orc priest but do no damage.
The orc priest is severely wounded.
The orc priest misses you. The iguana bites you!
Ouch! That really hurt!
* * * LOW HITPOINT WARNING * * *
You barely miss the orc priest.
The orc priest is severely wounded.
The orc priest hits you with a +0 flail of protection.
* * * LOW HITPOINT WARNING * * *
You scratch the orc priest but do no damage.
The orc priest is severely wounded.
The iguana barely misses you. The orc priest completely misses you.
You scratch the orc priest but do no damage.
The orc priest is severely wounded.
The iguana misses you.
You feel better.
The orc priest mumbles some strange prayers to Beogh against you.
Beogh smites you!
You die...

.......................###.###..#
......................###..#.[.##
...............#......##..##...#
.##.#......>..##......##.##...##
###.#.........##.......#.##...#
###.###.#.....##..............#
.##.###.####..##.....#..###...#
.##.##..#####..l...###..##..#.# #
.##.#..#.......#@..###.....##.# #
...>#.##.......o...##...#####.###
......##>......#...##....# #..##
.....###....[.[....#...#)# ##.##
.......................#.# #.#.
......##..........##.#...# #...
.###..###...###...##.##..#####.##
.# #...####..<..####........##.##
## #....####..#.............##.##


You could see an iguana and an orc priest.

Vanquished Creatures
  A bullfrog (D:4)
  2 orc priests (D:3)
  An iron imp (D:5)
  An orc wizard (D:4)
  An iguana (D:5)
  Robin (D:4)
  A gnoll (D:1)
  4 adders
  4 oozes
  3 adder skeletons (D:4)
  3 worms
  2 dart slugs
  A leopard gecko (D:2)
  16 orcs
  3 giant cockroaches
  11 hobgoblins
  8 kobolds
  2 quokkas
  3 ball pythons
  5 bats
  3 frilled lizards
  13 goblins
  A leopard gecko skeleton (D:4)
  11 rats
101 creatures vanquished.

Notes
Turn   | Place    | Note
-------+----------+-------------------------------------------
     0 | D:1      | Descartes the Felid Monk began the quest for the Orb.
     0 | D:1      | Reached XP level 1. HP: 10/10 MP: 2/2
    68 | D:1      | Reached skill level 3 in Stealth
   316 | D:1      | Reached XP level 2. HP: 14/14 MP: 3/3
   615 | D:1      | Reached XP level 3. HP: 17/17 MP: 4/4
   936 | D:2      | Reached skill level 4 in Stealth
  1444 | D:2      | Reached XP level 4. HP: 21/21 MP: 5/5
  2057 | D:3      | Reached skill level 5 in Stealth
  2068 | D:3      | Slain by an orc
  2069 | D:3      | Reached XP level 3. HP: -2/18 MP: 4/4
  2143 | D:3      | Reached skill level 5 in Dodging
  2143 | D:3      | Reached XP level 4. HP: 22/22 MP: 5/5
  2554 | D:3      | Found a runed translucent door.
  2555 | D:3      | Noticed Crazy Yiuf
  2746 | D:4      | Reached XP level 5. HP: 16/25 MP: 6/6
  3491 | D:4      | Found a shadowy altar of Dithmenos.
  3492 | D:4      | Found a white marble altar of Elyvilon.
  3493 | D:4      | Found an ancient bone altar of Kikubaaqudgha.
  3504 | D:4      | Noticed Robin
  3524 | D:4      | Killed Robin
  3525 | D:4      | Reached skill level 6 in Stealth
  3741 | D:4      | Found a runed translucent gate.
  3742 | D:4      | Found a runed translucent gate.
  3742 | D:4      | Identified the +2 ring mail of Elitism {Stlth+}
  3743 | D:4      | Found a runed translucent gate.
  3744 | D:4      | Noticed DungeonDestroyer's ghost (novice GnFi)
  3749 | D:4      | Found a roughly hewn altar of Beogh.
  3851 | D:5      | Entered Level 5 of the Dungeon
  4048 | D:5      | Found a snail-covered altar of Cheibriados.
  4100 | D:5      | Noticed a phantom
  4137 | D:4      | Gained mutation: You are covered in thick fur. (AC +2)
                  | [Felid growth]
  4137 | D:4      | Reached XP level 6. HP: 20/28 MP: 7/7
  4421 | D:4      | HP: 1/28 [orc priest/+0 flail of protection (4)]
  4424 | D:4      | Killed from afar by an orc priest

Illustrated notes

Levels and vault maps discovered:
D:1:      elethiomel_arrival_quiet, layout_loops_ring, corexii_leaking_fountain,
          minmay_misc_feat_enclosed
D:2:      layout_rooms
D:3:      layout_loops_ring, uniq_crazy_yiuf_cottage
D:4:      layout_rooms, chequers_temple_overflow_statue_of_worship,
          biasface_ghost_orc_armoury, uniq_robin
D:5:      layout_cave_pools, slow_altar_1, cheibrodos_ashenzari_chains

Skill      XL: |  1  2  3  4  5 |
---------------+----------------+-----
Stealth        | 3 4 5 6 |  6.8
Dodging        | 5 |  5.8
Fighting       | 4 |  4.0
Unarmed Combat | 4 |  4.2

Action                   |  1- 3 |  4- 6 || total
-------------------------+-------+-------++-------
Melee: Unarmed           |   116 |   206 ||   322
       Bite              |     7 |    22 ||    29
       Punch             |       |     5 ||     5
  Use: Scroll            |       |     6 ||     6
       Potion            |       |     2 ||     2
 Stab: Sleeping          |    14 |    16 ||    30
Armor: Skin              |     8 |    19 ||    27
Dodge: Dodged            |    90 |   177 ||   267

Table legend: (Time is in decaauts)
 A = Elapsed time spent in this place.
 B = Non-inter-level travel time spent in this place.
 C = Inter-level travel time spent in this place.
 D = Time resting spent in this place.
 E = Time spent auto-exploring this place.
 F = Levels seen in this place.
 G = Mean time per level.
                   A        B        C        D        E       F      G
               +--------+--------+--------+--------+--------+-----+--------+
         Total |   3886 |   3620 |    266 |    576 |   2343 |   5 |  777.2 |
       Dungeon |   3886 |   3620 |    266 |    576 |   2343 |   5 |  777.2 |
               +--------+--------+--------+--------+--------+-----+--------+

Top non-repeatable levels by time:
     D:3: 1024 daAuts
     D:4: 983 daAuts
     D:1: 875 daAuts
     D:2: 728 daAuts
     D:5: 274 daAuts
